 Dungeon Sprint DCSS version 0.28.0-53-g5a82cb258f (webtiles) character file.

Game seed: 12704938605576266502

1100000 Groucho the Vandal (level 1, -15/17 HPs)
             Began as a Djinni Wanderer on June 7, 2022.
             Was an Initiate of Makhleb.
             Demolished by a bag of meat
             ... wielding a +9 war axe
              (32 damage)
             ... in the Dungeon (Sprint VIII: "Arena of Blood").
             The game lasted 00:00:47 (11 turns).

Groucho the Vandal (Djinni Wanderer)                  Turns: 11, Time: 00:00:47

Health: -15/17     AC:  2    Str:  9    XL:     1   Next: 0%
Gold:   0          EV: 12    Int: 11    God:    Makhleb [......] SH:  0 Dex: 16

rFire   + + .      SeeInvis .   l - +∞ Axe of Woe
rCold   x . .      Faith    .   (shield currently unavailable)
rNeg    . . .      Spirit   .   f - +0 robe
rPois   ∞          Reflect  .   (no helmet)
rElec   .          Harm     .   (no cloak)
rCorr   .          Rampage  .   (no gloves)
Will    .....      NoTele   +   (boots unavailable)
Stlth   +.........              (no amulet)
HPRegen 0.05/turn               (no ring)
MPRegen 0.00/turn               (no ring)

@: flying
A: sickness immunity, fire resistance 2, cold vulnerability 1, float, innate
caster, HP casting, extra vitality 1
a: Renounce Religion


You were in the Dungeon.
You worshipped Makhleb.
Makhleb was noncommittal.
You visited 1 branch

Inventory:

Hand Weapons
 a - a +2 hunting sling
 c - a +0 hand crossbow
 l - the +∞ Axe of Woe (weapon)
   (You found it in the Dungeon)
Missiles
 b - 19 sling bullets
 d - 24 bolts
Armour
 e - a +0 buckler
 f - a +0 robe (worn)
Scrolls
 k - a scroll of blinking
Potions
 g - a potion of curing
 h - a potion of heal wounds
 i - a potion of haste
 j - a potion of berserk rage


   Skills:
 - Level 1.0 Fighting
 * Level 0.0 Axes
 - Level 3.2 Slings
 - Level 1.0 Crossbows
 - Level 2.0 Armour
 * Level 1.1 Dodging
 - Level 1.0 Shields


You couldn't memorise any spells.
You didn't know any spells.
Your spell library was empty.

Dungeon Overview and Level Annotations

Branches:
Dungeon (1/1)

Altars:
Makhleb


Innate Abilities, Weirdness & Mutations

You are immune to sickness and miasma.
You are immune to poison.
Your flesh is very heat resistant. (rF++)
You are vulnerable to cold. (rC-)
You float through the air rather than walking.
You learn spells naturally, not from books.
Your magical power is your life essence.
You have superior vitality. (+4 MHP)


Message History

Unknown command.
l - the +∞ Axe of Woe You can't wield that with only one hand.
Okay, then.
Unknown command.
You hear a shout! x3
Keep disrobing?
You start removing your armour.
You continue taking off your +0 buckler.
You hear a shout! x9
You continue taking off your +0 buckler.
You hear a shout! x6
You continue taking off your +0 buckler.
You hear a shout! x13
You continue taking off your +0 buckler.
The bag of meat shouts! x2; You hear a shout! x10
You finish taking off your +0 buckler.
l - the +∞ Axe of Woe (weapon)
You hear a shout! x3
You hear a shout! x7
You hear a shout! x7
A meat berserker comes into view. It is wielding a +9 battleaxe.
You hear a shout! x4
There is a burning altar of Makhleb here.
You hover solemnly before the altar of Makhleb.
Makhleb welcomes you!
You hear a shout! x10
The meat berserker rages.
You hear a shout! x5
You hear a shout! x6
You slash the bag of meat!
You pulverise the bag of meat into a thin bloody mist.
You kill the bag of meat!
Makhleb accepts your kill.
You hear a shout! x5
A meat berserker comes into view. It is wielding a +9 battleaxe.
You hear a shout! x5
The bag of meat hits you with a +9 war axe!!
Ouch! That really hurt!
You die...

#.. ..# #.. ..#
.###.. ..###.
......###......
....._.....
#.....# .
#_.<._# .
....#..o..#....
.......@oO...O.
......###......
.###.. ..###.
#.. ..# #. .#
.. .. .. ..


You could see 2 meat berserkers and 2 bags of meat.

Vanquished Creatures
  An orc (D)
1 creature vanquished.

Notes
Turn   | Place    | Note
-------+----------+-------------------------------------------
     0 | D        | Found the +∞ Axe of Woe
     0 | D        | Groucho the Djinni Wanderer began the quest for the Orb.
     0 | D        | Reached XP level 1. HP: 17/17 MP: 0/0
     1 | D        | Noticed a bag of meat
     3 | D        | Noticed a bag of meat
     4 | D        | Noticed a bag of meat
     4 | D        | Noticed a bag of meat
     8 | D        | Noticed a meat berserker
     9 | D        | Became a worshipper of Makhleb the Destroyer
    11 | D        | Killed a bag of meat
    11 | D        | Noticed a meat berserker
    11 | D        | Demolished by a bag of meat

Illustrated notes

Levels and vault maps discovered:
D:        meatsprint

Action                   || total
-------------------------++-------
Melee: Executioner's axe ||     1
